 Dungeon Crawl Stone Soup version 0.30-a0-777-ga9a30cbeda (webtiles) character file.

Game seed: 11635964914744885241

1785 mopl the Chopper (level 9, -1/68 HPs)
             Began as a Formicid Warper on Feb 13, 2023.
             Slain by a killer bee (6 damage)
             ... on level 7 of the Dungeon.
             The game lasted 00:09:41 (7743 turns).

mopl the Chopper (Formicid Warper)                  Turns: 7743, Time: 00:09:42

Health: -1/68      AC: 10    Str: 22    XL:     9   Next: 29%
Magic:  12/12      EV:  9    Int: 17    God:
Gold:   177        SH:  0    Dex: 13    Spells: 10/12 levels left

rFire   . . .      SeeInvis +    b - +7 whip
rCold   . . .      Faith    .    (no shield)
rNeg    . . .      Spirit   .    u - +0 chain mail
rPois   +          Reflect  .    (helmet unavailable)
rElec   .          Harm     .    (no cloak)
rCorr   .          Rampage  .    (no gloves)
Will    .....                    E - +0 pair of boots Stlth
                                 (no amulet)
HPRegen 0.31/turn                B - +6 ring of strength
MPRegen 0.13/turn                w - ring of poison resistance

@: lethally poisoned (-1 -> -6)
A: permanent stasis, dig shafts and tunnels, antennae 3, four strong arms
a: Dig, Shaft Self


You were on level 7 of the Dungeon.
You visited 2 branches of the dungeon, and saw 8 of its levels.

You collected 354 gold pieces.
You spent 177 gold pieces at shops.

Inventory:

Hand Weapons
 a - a +0 war axe
 b - a +7 whip (weapon)
 y - a +1 flail of holy wrath
Missiles
 c - 6 boomerangs
 d - 7 boomerangs of dispersal
 h - 8 atropa-tipped darts
 j - 3 curare-tipped darts
 r - 24 poisoned darts (quivered)
 z - 10 javelins
 K - a throwing net
Armour
 u - a +0 chain mail (worn)
 E - a +0 pair of boots (worn)
 I - a +0 ring mail of fire resistance
Jewellery
 g - a +6 ring of dexterity
 n - a ring of ice
 q - a +6 ring of intelligence
 w - a ring of poison resistance (right hand)
 B - a +6 ring of strength (left hand)
 D - a ring of positive energy
Wands
 x - a wand of quicksilver (3)
Scrolls
 e - 2 scrolls of enchant weapon {unknown}
 i - a scroll of brand weapon {unknown}
 k - 4 scrolls of teleportation {unknown}
 l - 3 scrolls of magic mapping {unknown}
 m - 2 scrolls of identify
 o - a scroll of immolation {unknown}
 p - a scroll of enchant armour {unknown}
 v - a scroll of vulnerability {unknown}
 A - a scroll of noise {unknown}
 H - a scroll of poison
 L - a scroll of amnesia {unknown}
Potions
 f - 3 potions of invisibility
 s - a potion of mutation {!q}
 t - 2 potions of curing
 C - 2 potions of resistance
 F - a potion of brilliance
 G - 2 potions of lignification {!q}
 J - a potion of heal wounds


   Skills:
 + Level 5.0 Fighting
 * Level 6.5 Axes
 + Level 4.1 Throwing
 + Level 4.7 Armour
 + Level 4.2 Dodging
 - Level 2.1 Spellcasting
 + Level 4.6 Translocations


You had 10 spell levels left.
You knew the following spells:

 Your Spells              Type           Power      Damage    Failure   Level
a - Lesser Beckoning      Tloc           34%        N/A       34%         2

Your spell library contained the following spells:

 Spells                   Type           Power      Damage    Failure   Level
 Apportation              Tloc           34%        N/A       22%         1
 Teleport Other           Tloc           17%        N/A       56%         3
 Momentum Strike          Conj/Tloc      18%        3d8       65%         2
 Vhi's Electric Charge    Tloc/Air       18%        N/A       87%         3
 Manifold Assault         Tloc           17%        N/A       92%         4
 Alistair's Intoxication  Tmut/Pois      0%         N/A       100%        5
 Blink                    Tloc           Unusable   N/A       N/A         2

Dungeon Overview and Level Annotations

Branches:
Dungeon (7/15)             Temple (1/1) D:5

Altars:
Ashenzari
Dithmenos
Elyvilon
Gozag
Hepliaklqana
Makhleb
Nemelex Xobeh
Okawaru
Sif Muna
Trog
Uskayaw
Xom
Yredelemnul
Zin
The Shining One

Shops:
D:3 *   D:5 *


Innate Abilities, Weirdness & Mutations

You cannot be hasted, slowed, berserked, paralysed or teleported.
You can dig through walls and to a lower floor.
You have a pair of large antennae on your head. (SInv)
Your four strong arms can wield two-handed weapons with a shield.


Message History

The killer bee is almost dead.
You feel sick.
The killer bee stings you but does no damage.
The killer bee stings you.
* * * LOW HITPOINT WARNING * * *
You barely miss the killer bee.
The killer bee is almost dead.
You feel sick.
The killer bee stings you but does no damage.
You whack the killer bee!
You kill the killer bee!
You feel sick. The killer bee closely misses you.
Your life force feels restored.
You barely miss the killer bee.
You feel sick.
You are no longer poisoned.
The killer bee barely misses you.
The killer bee stings you but does no damage.
You whack the killer bee!
The killer bee is heavily wounded.
The killer bee stings you.
* * * LOW HITPOINT WARNING * * *
The killer bee stings you but does no damage.
You completely miss the killer bee.
The killer bee is heavily wounded.
The killer bee stings you but does no damage. x2
You hit the killer bee.
The killer bee is heavily wounded.
The killer bee barely misses you.
You barely miss the killer bee.
The killer bee is heavily wounded.
The killer bee barely misses you. The killer bee stings you.
* * * LOW HITPOINT WARNING * * *
You are poisoned.
The killer bee poisons you!
You miss the killer bee.
The killer bee is heavily wounded.
You feel sick. The killer bee stings you.
* * * LOW HITPOINT WARNING * * *
The killer bee stings you.
You die...

{#..#....#....# {
#..#....#....# { {
#..#....#....#
######..#....#....#
###...)...#....#....#
#....K{#..#....#....#
##...KK##..#....#....#
#...KKy##K.#....#....#
.....{##@#..#....#....#
###### ###{K#....#....#
#....K.#....#....#
...K.....#....#....#
.........#....#....#
...K.....#....#....#
.........#....#....#
.........#....#....#
...K.....#....#....#


You could see a kobold brigand, a killer bee and 4 kobolds.

Vanquished Creatures
  Prince Ribbit (D:7)
  Edmund (D:5)
  2 ogres (D:5)
  A phantom (D:6)
  A necrophage (D:7)
  4 scorpions
  2 killer bees (D:7)
  3 howler monkeys
  A jelly (D:7)
  An orc priest (D:4)
  A gnoll bouda (D:6)
  8 hounds
  Jessica (D:2)
  Ijyb (D:3)
  Natasha (thrice) (D:2)
  An iguana (D:6)
  An orc wizard (D:7)
  8 gnolls
  5 adders
  A shadow imp (D:7)
  A white imp (D:5)
  An ufetubus (D:6)
  2 worms
  A dart slug (D:2)
  14 orcs
  4 bats
  15 endoplasms
  8 giant cockroaches
  10 goblins
  5 hobgoblins
  3 jackals (D:2)
  2 kobolds (D:1)
  3 quokkas
  5 ball pythons
  A frilled lizard (D:2)
  3 rats
125 creatures vanquished.

Vanquished Creatures (others)
  4 plants (D:3)
4 creatures vanquished.

Grand Total: 129 creatures vanquished

Notes
Turn   | Place    | Note
-------+----------+-------------------------------------------
     0 | D:1      | mopl the Formicid Warper began the quest for the Orb.
     0 | D:1      | Reached XP level 1. HP: 16/16 MP: 3/3
   131 | D:1      | Reached XP level 2. HP: 22/23 MP: 5/5
   308 | D:1      | Reached skill level 2 in Dodging
   349 | D:1      | Reached XP level 3. HP: 19/28 MP: 6/6
   825 | D:1      | Reached XP level 4. HP: 26/34 MP: 7/7
   869 | D:1      | Reached skill level 3 in Translocations
  1186 | D:2      | Noticed Natasha
  1203 | D:2      | Killed Natasha
  1204 | D:2      | Reached skill level 3 in Axes
  1340 | D:2      | Learned a level 2 spell: Lesser Beckoning
  1630 | D:2      | Reached skill level 2 in Armour
  1630 | D:2      | Reached XP level 5. HP: 35/40 MP: 8/8
  1674 | D:2      | Noticed Jessica
  1681 | D:2      | Killed Jessica
  1682 | D:2      | Found a faded altar of an unknown god.
  2337 | D:2      | Noticed Natasha
  2351 | D:2      | Killed Natasha
  2777 | D:2      | Noticed Natasha
  2788 | D:2      | Killed Natasha
  2789 | D:2      | Reached skill level 3 in Fighting
  2789 | D:2      | Reached skill level 2 in Throwing
  2817 | D:2      | Found a faded altar of an unknown god.
  3207 | D:3      | Reached XP level 6. HP: 45/47 MP: 9/9
  3732 | D:3      | Reached skill level 4 in Axes
  3796 | D:3      | Found Cingog's Assorted Antiques.
  3805 | D:3      | Bought a sedimented clear potion for 23 gold pieces
  3805 | D:3      | Bought a notched silver ring for 130 gold pieces
  3890 | D:3      | Noticed Ijyb
  3903 | D:3      | HP: 2/47 [Ijyb/bolt of dispelling energy (10)]
  3907 | D:3      | Killed Ijyb
  4272 | D:4      | Reached XP level 7. HP: 46/52 MP: 10/10
  4274 | D:4      | Found a glowing golden altar of the Shining One.
  4702 | D:4      | Reached skill level 3 in Dodging
  5130 | D:5      | Entered Level 5 of the Dungeon
  5157 | D:5      | Reached skill level 3 in Armour
  5179 | D:5      | Found Qocio's General Store.
  5213 | D:5      | Bought a scroll of identify for 24 gold pieces
  5381 | D:5      | Found a staircase to the Ecumenical Temple.
  5415 | Temple   | Entered the Ecumenical Temple
  5810 | D:5      | Reached XP level 8. HP: 51/60 MP: 11/11
  5820 | D:5      | Found a shimmering altar of Xom.
  5820 | D:5      | Found a shimmering altar of Xom.
  5820 | D:5      | Found a shimmering altar of Xom.
  5840 | D:5      | Reached skill level 5 in Axes
  5840 | D:5      | Reached skill level 3 in Throwing
  5844 | D:5      | Reached skill level 4 in Fighting
  5880 | D:5      | Found an iron altar of Okawaru.
  5927 | D:5      | Found a shimmering altar of Xom.
  5930 | D:5      | Found a shimmering altar of Xom.
  6014 | D:5      | Noticed Edmund
  6028 | D:5      | Killed Edmund
  6029 | D:5      | Reached skill level 4 in Translocations
  6358 | D:6      | Reached skill level 4 in Armour
  7148 | D:7      | Reached skill level 6 in Axes
  7174 | D:7      | Noticed Prince Ribbit
  7188 | D:7      | Killed Prince Ribbit
  7189 | D:7      | Reached skill level 4 in Dodging
  7189 | D:7      | Reached XP level 9. HP: 43/67 MP: 12/12
  7336 | D:7      | Reached skill level 4 in Throwing
  7730 | D:7      | Reached skill level 5 in Fighting
  7743 | D:7      | Slain by a killer bee

Illustrated notes

Levels and vault maps discovered:
D:1:      roderic_dead_forest, layout_rooms, serial_glass, glass_columns_a,
          glass_columns_b
D:2:      layout_basic, hellmonk_ecumenical_altar_zigzags,
          minmay_misc_feat_nine_boxes, uniq_jessica, uniq_natasha
D:3:      layout_rooms, serial_shops, nicolae_shop_overgrown_old_shop,
          serial_corexii_hall, chequers_hall_statues_wall_a,
          corexii_hall_statues_l, corexii_hall_statues_u, uniq_ijyb
D:4:      layout_cave_pods, mainiacjoe_overflow_six_doors_small
D:5:      layout_cave_pools, mainiacjoe_overflow_alcove_4, xom_redecorated,
          minmay_temple_entry_ruins, serial_shops, nicolae_stop_n_shop_1,
          kennysheep_another_room, uniq_edmund
D:6:      layout_loops_ring
D:7:      minmay_opposing_rooms, layout_gridville,
          mainiacjoe_overflow_surrounded_room, item_on_display_a,
          uniq_prince_ribbit1, uniq_crazy_yiuf_cottage
Temple:   minmay_temple_forest_path

Skill      XL: |  1  2  3  4  5  6  7  8  9 |
---------------+----------------------------+-----
Dodging        | 2 3 4 |  4.2
Translocations | 3 4 |  4.6
Axes           | 3 4 6 |  6.5
Armour         | 2 3 4 |  4.7
Fighting       | 3 4 5 |  5.0
Throwing       | 2 3 4 |  4.1
Spellcasting   | |  2.1

Action                     |  1- 3 |  4- 6 |  7- 9 || total
---------------------------+-------+-------+-------++-------
  Melee: Hand axe          |    96 |   247 |       ||   343
         War axe           |       |     5 |   176 ||   181
         Punch             |       |     3 |     4 ||     7
         Whip              |       |       |    56 ||    56
  Throw: Dart              |       |     7 |     9 ||    16
Ability: Dig               |       |       |     1 ||     1
  Evoke: Wand              |       |       |     1 ||     1
    Use: Potion            |       |     1 |     2 ||     3
         Scroll            |       |       |     9 ||     9
   Stab: Invisible         |       |     1 |       ||     1
 Armour: Leather armour    |    10 |       |       ||    10
         Ring mail         |    25 |    66 |     9 ||   100
         Chain mail        |       |       |   128 ||   128
  Dodge: Dodged            |    66 |   138 |   128 ||   332

Table legend: (Time is in decaauts)
 A = Elapsed time spent in this place.
 B = Non-inter-level travel time spent in this place.
 C = Inter-level travel time spent in this place.
 D = Time resting spent in this place.
 E = Time spent auto-exploring this place.
 F = Levels seen in this place.
 G = Mean time per level.
                   A        B        C        D        E       F      G
               +--------+--------+--------+--------+--------+-----+--------+
         Total |   7827 |   7406 |    421 |   1644 |   4326 |   8 |  978.4 |
       Dungeon |   7450 |   7068 |    382 |   1644 |   4005 |   7 | 1064.3 |
        Temple |    377 |    338 |     39 |      0 |    321 |   1 |  377.0 |
               +--------+--------+--------+--------+--------+-----+--------+

Top non-repeatable levels by time:
     D:2: 2388 daAuts
     D:3: 1017 daAuts
     D:4: 934 daAuts
     D:1: 848 daAuts
     D:6: 798 daAuts
     D:5: 787 daAuts
     D:7: 676 daAuts
  Temple: 377 daAuts
